 Dungeon Crawl Stone Soup version 0.27-a0-1322-gfdffb62a71 (webtiles) character file.

Game seed: 4863647726980216878

99 freelancePsychic the Poker (level 4, -3/34 HPs)
             Began as a Demonspawn Warper on June 23, 2021.
             Succumbed to an orc's poison
             ... on level 3 of the Dungeon.
             The game lasted 00:04:19 (3452 turns).

freelancePsychic the Poker (Demonspawn Warper)      Turns: 3452, Time: 00:04:20

Health: -3/34      AC:  6    Str: 13    XL:     4   Next: 45%
Magic:  7/7        EV: 11    Int: 14    God:
Gold:   63         SH:  0    Dex: 12    Spells: 7/7 levels left

rFire    . . .     SeeInvis .   b - +0 hunting sling
rCold    . . .     Faith    .   (no shield)
rNeg     . . .     Spirit   .   m - +0 leather armour
rPois    .         Reflect  .   (helmet restricted)
rElec    .         Harm     .   (no cloak)
rCorr    .         Rampage  .   (no gloves)
Will     .....                  i - +0 pair of boots
Stlth    +.........             (no amulet)
HPRegen  0.11/turn              (no ring)
MPRegen  0.10/turn              (no ring)

@: brilliant, lethally poisoned (-3 -> -28), flying
A: antennae 1, icy blue scales 1
a: no special abilities


You were on level 3 of the Dungeon.
You visited 1 branch of the dungeon, and saw 3 of its levels.

You collected 63 gold pieces.

Inventory:

Hand Weapons
 a - a +0 spear
 b - a +0 hunting sling (weapon)
Missiles
 d - 4 boomerangs of dispersal
 e - 38 stones (quivered ammo)
 h - a throwing net
 n - 7 poisoned darts
Armour
 i - a +0 pair of boots (worn)
 m - a +0 leather armour (worn)
Scrolls
 c - a scroll of blinking
Potions
 g - a potion of flight
 j - a potion of brilliance
 k - a potion of ambrosia {unknown}
 l - a potion of haste {unknown}
 o - a potion of curing {unknown}


   Skills:
 - Level 2.5 Fighting
 - Level 3.0 Polearms
 + Level 2.7 Throwing
 - Level 0.8 Armour
 - Level 1.7 Dodging
 - Level 2.0 Spellcasting
 - Level 2.6 Translocations


You had 7 spell levels left.
You didn't know any spells.
Your spell library contained the following spells:

 Spells                   Type           Power      Damage    Failure   Level
 Apportation              Tloc           26%        N/A       10%         1
 Blink                    Tloc           N/A        N/A       16%         2
 Animate Skeleton         Necr           4%         N/A       30%         1
 Corona                   Hex            2%         N/A       30%         1
 Summon Small Mammal      Summ           8%         N/A       30%         1
 Gell's Gravitas          Tloc           6%         N/A       30%         3
 Lesser Beckoning         Tloc           6%         N/A       30%         3
 Teleport Other           Tloc           13%        N/A       30%         3
 Manifold Assault         Tloc           13%        N/A       95%         5


Dungeon Overview and Level Annotations

Branches:
Dungeon (3/15)

Altars:


Innate Abilities, Weirdness & Mutations

You have a pair of small antennae on your head.
You are partially covered in icy blue scales. (AC +2)


Message History

You are too injured to fight recklessly!
You are too injured to fight recklessly!
You are too injured to fight recklessly!
You are too injured to fight recklessly!
You are too injured to fight recklessly!
You are too injured to fight recklessly!
You are too injured to fight recklessly!
You are too injured to fight recklessly!
You are too injured to fight recklessly!
You are too injured to fight recklessly!
You are too injured to fight recklessly!
You are too injured to fight recklessly!
You are too injured to fight recklessly!
You are too injured to fight recklessly!
You are too injured to fight recklessly!
You are too injured to fight recklessly!
You are too injured to fight recklessly!
You are too injured to fight recklessly!
You are too injured to fight recklessly!
It was a potion of flight.
You feel very buoyant.
You fly up into the air.
You feel very sick.
Fire: 39 stones
Press: ? - help, Q - select action, (/) - cycle Shift-Dir - straight line, f/p - orc
Aim: an orc, wielding a +2 war axe of venom and quivering stones (severely wounded, 57% to hit)
Okay, then.
Fire: 39 stones
Press: ? - help, Q - select action, (/) - cycle Shift-Dir - straight line, f/p - orc
Aim: an orc, wielding a +2 war axe of venom and quivering stones (severely wounded, 57% to hit)
You shoot a stone. The stone barely misses the orc.
You feel very sick.
The orc hits you with a +2 war axe of venom!
* * * LOW HITPOINT WARNING * * *
You are more poisoned.
The orc hits you with a +0 hand axe.
* * * LOW HITPOINT WARNING * * *
It was a potion of brilliance.
You feel clever all of a sudden.
You die...

#......## #........
#(###..## ##
######(###..# #.
#......(....# #.
......)....# #####^
...........#
###..... ##.oo...#
#.......
#..@#{.######.....#.
#...#..........##.#.
#...##.###.#...##.#.
#...######.#......#.
#...##..............
#...######.#.####...
#...# #.#.# ####
##### #.#.# # #.#.#
.


You could see 2 orcs.

Vanquished Creatures
  3 adders (D:2)
  2 orcs (D:3)
  5 bats
  6 endoplasms
  2 giant cockroaches
  3 goblins (D:2)
  2 hobgoblins
  16 jackals
  A quokka (D:2)
  7 ball pythons
  7 frilled lizards
  8 kobolds
  3 rats
65 creatures vanquished.

Notes
Turn   | Place    | Note
-------+----------+-------------------------------------------
     0 | D:1      | freelancePsychic the Demonspawn Warper began the quest for
                  | the Orb.
     0 | D:1      | Reached XP level 1. HP: 16/16 MP: 3/3
   211 | D:1      | Reached skill level 2 in Polearms
   520 | D:1      | Gained mutation: You have a pair of small antennae on your
                  | head. [demonic ancestry]
   520 | D:1      | Reached XP level 2. HP: 23/23 MP: 5/5
   619 | D:1      | Reached skill level 1 in Throwing
  1293 | D:2      | Gained mutation: You are partially covered in icy blue
                  | scales. (AC +2) [demonic ancestry]
  1293 | D:2      | Reached XP level 3. HP: 24/28 MP: 6/6
  2057 | D:2      | Reached skill level 3 in Polearms
  2459 | D:2      | Reached XP level 4. HP: 22/34 MP: 7/7
  3206 | D:3      | Found a faded altar of an unknown god.
  3452 | D:3      | Succumbed to an orc's poison

Illustrated notes

Levels and vault maps discovered:
D:1:      lightli_arrival_farm, layout_loops_ring
D:2:      layout_basic, minmay_door_square
D:3:      layout_basic, hellmonk_ecumenical_altar_arch_garden, uniq_ijyb

Skill      XL: |  1  2  3 |
---------------+----------+-----
Polearms       | 2 3 |  3.0
Throwing       | 1 2 |  2.7
Fighting       | |  2.5
Armour         | |  0.8
Dodging        | |  1.7
Spellcasting   | |  2.0
Translocations | |  2.6

Action                   |  1- 3 |  4- 6 || total
-------------------------+-------+-------++-------
Melee: Spear             |   126 |       ||   126
 Fire: Hunting sling     |    70 |    64 ||   134
Throw: Dart              |    28 |       ||    28
       Boomerang         |     1 |       ||     1
  Use: Scroll            |       |     4 ||     4
       Potion            |       |     2 ||     2
Armor: Leather armour    |    76 |     7 ||    83
Dodge: Dodged            |    94 |    24 ||   118

Table legend: (Time is in decaauts)
 A = Elapsed time spent in this place.
 B = Non-inter-level travel time spent in this place.
 C = Inter-level travel time spent in this place.
 D = Time resting spent in this place.
 E = Time spent auto-exploring this place.
 F = Levels seen in this place.
 G = Mean time per level.
                   A        B        C        D        E       F      G
               +--------+--------+--------+--------+--------+-----+--------+
         Total |   3495 |   3386 |    109 |      0 |   2884 |   3 | 1165.0 |
       Dungeon |   3495 |   3386 |    109 |      0 |   2884 |   3 | 1165.0 |
               +--------+--------+--------+--------+--------+-----+--------+

Top non-repeatable levels by time:
     D:2: 1663 daAuts
     D:1: 1242 daAuts
     D:3: 589 daAuts
